AoeStats
← Kakibmb

Black Forest

509924920Analyzed
2v2 RM · 4d ago on Sep 28, 2026· 82m 23s· 4 players
Game mode
Random Map
Map size
Medium (4 player)
Population
200
Speed
Normal
Resources
Standard
Victory
Conquest
Starting age
Dark Age
Ending age
Imperial Age
RankedLock teamsTeams togetherTeam positionsShared explorationLock speedFull tech treeHidden civsTurbo modeCheats
Victory
Defeat
🇫🇷 Romans · France
600
+13
🇨🇦 Teutons · Canada
542
+15
🇪🇬 Persians · Egypt
537
-14
🇺🇦 Saracens · Ukraine
518
-14
set-comet49
14:30 Feudal Age
22:08 Castle Age
26:11 Horse Collar
26:21 Double-Bit Axe
26:31 Gold Mining
28:02 Husbandry
29:00 Heavy Plow
29:16 Bow Saw
29:46 Gold Shaft Mining
31:37 Bloodlines
31:53 Caravan
36:45 Stone Mining
37:48 Wheelbarrow
38:02 Forging
37:52 Scale Mail Armor
41:59 Imperial Age
42:12 Hand Cart
43:06 Iron Casting
42:46 Chain Mail Armor
43:51 Chemistry
43:44 Onager
44:43 Thumb Ring
44:27 Heavy Camel Rider
47:22 Blast Furnace
46:52 Plate Mail Armor
51:16 Scale Barding Armor
51:13 Padded Archer Armor
51:03 Fletching
53:10 Leather Archer Armor
53:17 Chain Barding Armor
56:35 Counterweights
60:38 Siege Onager
60:51 Siege Onager
khaledesmail34569
12:21 Feudal Age
19:20 Castle Age
18:57 Double-Bit Axe
18:55 Horse Collar
28:25 Bow Saw
28:19 Heavy Plow
29:36 Gold Mining
31:16 Wheelbarrow
32:22 Hand Cart
32:50 Loom
35:46 Imperial Age
35:05 Ballistics
35:00 Scale Barding Armor
35:06 Forging
35:01 Padded Archer Armor
35:02 Scale Mail Armor
35:58 Gold Shaft Mining
35:13 Stone Mining
36:02 Husbandry
36:14 Bloodlines
35:27 Heavy Camel Rider
35:54 Onager
39:22 Elite War Elephant
40:26 Conscription
39:30 Cavalier
41:36 Iron Casting
41:23 Chain Barding Armor
42:54 Savar
43:51 Caravan
46:47 Blast Furnace
46:23 Plate Barding Armor
46:05 Chain Mail Armor
46:08 Leather Archer Armor
46:04 Thumb Ring
47:04 Chemistry
45:41 Heavy Scorpion
48:51 Stone Shaft Mining
49:19 Two-Man Saw
48:52 Crop Rotation
48:10 Town Watch
52:33 Plate Mail Armor
52:33 Ring Archer Armor
51:55 Fletching
Zakuuuus
0:26 Loom
15:11 Feudal Age
16:02 Double-Bit Axe
16:55 Wheelbarrow
16:03 Horse Collar
16:33 Stone Mining
17:18 Gold Mining
23:08 Castle Age
24:30 Hand Cart
24:27 Bow Saw
25:09 Gold Shaft Mining
28:08 Heavy Plow
33:42 Imperial Age
34:19 Town Watch
35:55 Conscription
35:47 Town Patrol
36:15 Caravan
38:02 Ballistas
38:43 Crop Rotation
38:26 Fortified Wall
38:25 Pikeman
38:26 Man-at-Arms
39:08 Squires
38:30 Heavy Scorpion
39:34 Comitatenses
40:30 Elite Centurion
40:46 Long Swordsman
42:33 Forging
42:24 Scale Mail Armor
42:29 Scale Barding Armor
42:45 Halberdier
43:16 Legionary
43:23 Capped Ram
46:48 Iron Casting
46:29 Chain Mail Armor
46:35 Chain Barding Armor
48:52 Blast Furnace
48:56 Chemistry
48:17 Ballistics
56:47 Plate Barding Armor
56:01 Onager
56:04 Siege Ram
Kakibmb
0:28 Loom
15:33 Feudal Age
17:21 Wheelbarrow
16:31 Horse Collar
16:41 Double-Bit Axe
16:50 Gold Mining
16:58 Stone Mining
23:54 Castle Age
25:17 Hand Cart
25:05 Heavy Plow
25:48 Stone Shaft Mining
25:27 Bow Saw
28:47 Fortified Wall
28:48 Masonry
33:04 Imperial Age
31:57 Forging
31:54 Scale Barding Armor
31:50 Scale Mail Armor
31:41 Fletching
34:38 Iron Casting
34:24 Chain Barding Armor
34:20 Chain Mail Armor
36:19 Caravan
37:23 Chemistry
36:44 Ballistics
36:15 Heated Shot
36:59 Crop Rotation
37:42 Two-Man Saw
39:41 Blast Furnace
38:38 Bodkin Arrow
38:44 Padded Archer Armor
39:15 Plate Mail Armor
42:10 Town Watch
43:04 Plate Barding Armor
42:45 Leather Archer Armor
42:57 Bombard Tower
42:43 Siege Engineers
42:49 Squires
42:35 Arson
42:36 Gambesons
43:14 Conscription
42:20 Pikeman
42:23 Man-at-Arms
45:02 Crenellations
44:07 Elite Teutonic Knight
45:24 Guilds
45:50 Town Patrol
45:33 Halberdier
46:30 Bloodlines
45:41 Cavalier
47:45 Sappers
48:59 Hoardings
48:51 Ironclad
51:05 Long Swordsman
51:09 Paladin
52:37 Ring Archer Armor
58:30 Onager
61:35 Arrowslits
61:42 Guard Tower
62:30 Coinage
79:48 Banking
Connection lost

Rejoining the realm…

Still unreachable

The connection could not be restored.

Session expired

The server has moved on; the page needs a fresh start.